 Dungeon Crawl Stone Soup version 0.19.0-2-gae57169 (webtiles) character file.

146 varam the Conjurer (level 5, -4/31 HPs)
             Began as an Octopode Wizard on Nov 4, 2016.
             Killed from afar by an orc wizard (7 damage)
             ... with a magic dart
             ... on level 3 of the Dungeon.
             The game lasted 00:07:11 (2454 turns).

varam the Conjurer (Octopode Wizard)                Turns: 2454, Time: 00:07:12

Health: -4/31      AC:  2    Str:  7    XL:     5   Next: 28%
Magic:  7/10       EV: 13    Int: 21    God:
Gold:   84         SH:  4    Dex: 10    Spells: 3 memorised, 6 levels left

rFire  . . .     SeeInvis .     d - +0 dagger
rCold  + . .     Gourm    .     (no shield)
rNeg   . . .     Faith    .     a - +1 hat
rPois  .         Spirit   .     k - +4 amulet of reflection
rElec  .         Reflect  +     g - ring of loudness (curse)
rCorr  .         Harm     .     i - ring of protection from cold
MR     .....                    (no ring)
Stlth  ++........               (no ring)
                                (no ring)
                                (no ring)
                                (no ring)
                                (no ring)

@: no status effects
A: almost no armour, stealthy swim, amphibious, 8 rings, constrict 8, camouflage
1, gelatinous body 1
a: no special abilities


You were on level 3 of the Dungeon.
You were not hungry.

You visited 1 branch of the dungeon, and saw 3 of its levels.

You collected 84 gold pieces.

Inventory:

Hand Weapons
 d - a +0 dagger (weapon)
 e - a +0 club
Missiles
 m - 6 tomahawks (quivered)
Armour
 a - a +1 hat (worn)
Jewellery
 g - a cursed ring of loudness (left tentacle)
 i - a ring of protection from cold (right tentacle)
 j - an uncursed amulet of rage
 k - a +4 amulet of reflection (around mantle)
Wands
 q - a wand of slowing (32/48)
Scrolls
 c - a scroll of enchant armour
 f - a scroll of remove curse {unknown}
 h - a scroll of recharging {unknown}
 l - a scroll of identify {unknown}
 p - 2 scrolls of enchant weapon {unknown}
Potions
 r - a potion of curing {unknown}
Books
 b - a book of Minor Magic

   Spells                             Type                      Level
   a - Magic Dart                     Conjuration                  1
   b - Blink                          Translocation                2
   c - Call Imp                       Summoning                    2
   d - Repel Missiles                 Charms/Air                   2
   e - Slow                           Hexes                        2
   f - Conjure Flame                  Conjuration/Fire             3
   g - Mephitic Cloud                 Conjuration/Poison/Air       3
Comestibles
 n - a beef jerky
 o - 9 chunks of flesh


   Skills:
 - Level 2.0 Dodging
 - Level 2.6 Stealth
 + Level 3.8 Spellcasting
 * Level 4.1 Conjurations
 + Level 1.2 Summonings
 - Level 1.0 Translocations


You had 6 spell levels left.
You knew the following spells:

 Your Spells              Type           Power        Failure   Level  Hunger
a - Magic Dart            Conj           ###.         1%          1    None
b - Call Imp              Summ           #.......     12%         2    #......
c - Blink                 Tloc           N/A          14%         2    #......


Dungeon Overview and Level Annotations

Branches:
Dungeon (3/15)

Altars:


Innate Abilities, Weirdness & Mutations

You cannot wear most types of armour.
You are very stealthy in the water. (Stealth+)
You are amphibious.
You can wear up to eight rings at the same time.
You can use your tentacles to constrict eight enemies at once.
Your skin changes colour to match your surroundings (Stealth+).
Your rubbery body absorbs attacks. (AC +1, EV +1)


Message History

Gang up on whom?
Press: ? - help, Dir - move target cursor, f - orc wizard
Aim: an orc wizard, wielding a dagger and wearing a robe (fast) Attack!
The orc wizard points at you and mumbles some strange words.
The magic dart hits you!
* * * LOW HITPOINT WARNING * * *
The orc barely misses you.
Your crimson imp closely misses the orc wizard.
The orc wizard hits you with a dagger.
* * * LOW HITPOINT WARNING * * *
The orc misses your crimson imp.
Your crimson imp hits the orc but does no damage.
Your crimson imp hits the orc wizard but does no damage.
Your crimson imp disappears in a puff of smoke!
The orc wizard gestures wildly while chanting.
Your crimson imp blinks!
The orc wizard casts a spell at you. The magic dart hits you!
You die...

#..## ##.....# #...##
+#.)....# #....##
##..#...##
#.....###ยง)###......
########...#..#...#
.#####
#...............o.### #
................o...#.##
#.............!.........
######.#...#.###@#......
# #.#.........#.##5.. #
#.#...#.#####.# .## #
#.#...#.# .# # #
##.#...#.### #
#..^.......# #
#.##....##.#
#####.###.#.##)######
..........#.........#


You could see an orc wizard and an orc.

Vanquished Creatures
  Jessica (D:2)
  Natasha (D:2)
  2 adders (D:2)
  An ooze (D:3)
  2 worms
  A dart slug (D:1)
  A leopard gecko (D:2)
  An orc (D:3)
  A ball python (D:1)
  2 giant cockroaches (D:1)
  5 goblins
  7 hobgoblins
  A quokka (D:3)
  6 bats
  3 frilled lizards
  5 kobolds
  2 rats (D:1)
42 creatures vanquished.

Vanquished Creatures (collateral kills)
  Ijyb (D:2)
  Natasha (D:2)
2 creatures vanquished.

Grand Total: 44 creatures vanquished

Notes
Turn   | Place    | Note
-------+----------+-------------------------------------------
     0 | D:1      | varam the Octopode Wizard began the quest for the Orb.
     0 | D:1      | Reached XP level 1. HP: 11/11 MP: 4/4
   530 | D:1      | Reached XP level 2. HP: 6/17 MP: 0/6
   793 | D:1      | Reached skill level 2 in Conjurations
   897 | D:1      | Learned a level 2 spell: Call Imp
  1323 | D:1      | Reached XP level 3. HP: 21/21 MP: 4/7
  1491 | D:2      | Noticed Jessica
  1498 | D:2      | Killed Jessica
  1566 | D:2      | Reached skill level 3 in Conjurations
  1566 | D:2      | Reached XP level 4. HP: 18/27 MP: 4/9
  1869 | D:2      | Noticed Natasha
  1887 | D:2      | Killed Natasha
  1982 | D:2      | Noticed Natasha
  2007 | D:2      | Killed Natasha
  2048 | D:2      | Learned a level 2 spell: Blink
  2129 | D:2      | Noticed Ijyb
  2137 | D:2      | Killed Ijyb
  2137 | D:2      | Reached XP level 5. HP: 31/31 MP: 3/10
  2257 | D:2      | Reached skill level 4 in Conjurations
  2451 | D:3      | HP: 3/31 [orc wizard/dagger (2)]
  2454 | D:3      | Killed from afar by an orc wizard

Skill      XL: |  1  2  3  4  5 |
---------------+----------------+-----
Conjurations   | 2 3 4 |  4.1
Dodging        | |  2.0
Stealth        | |  2.6
Spellcasting   | |  3.8
Summonings     | |  1.2
Translocations | |  1.0

Action                   |  1- 3 |  4- 6 || total
-------------------------+-------+-------++-------
Melee: Unarmed           |    16 |       ||    16
       Tentacles         |     4 |     8 ||    12
       Constrict         |     9 |     7 ||    16
       Dagger            |    32 |    44 ||    76
 Cast: Magic Dart        |    48 |    23 ||    71
       Call Imp          |     3 |    10 ||    13
  Use: Scroll            |     3 |       ||     3
 Stab: Distracted        |       |     1 ||     1
       Sleeping          |       |     3 ||     3
  Eat: Chunk             |     1 |       ||     1
       Bread ration      |     1 |       ||     1
Armor: Skin              |     3 |     3 ||     6
Dodge: Dodged            |    39 |    24 ||    63
Block: Other             |       |     1 ||     1
